[Event "4th Memorial Warakomska-B 2020"]
[Site "Suwalki"]
[Date "2020.08.12"]
[Round "8.8"]
[White "Czech, Mieczyslaw"]
[Black "Ciszewski, Krzysztof"]
[Result "1-0"]
[ECO "A49"]
[WhiteElo "1863"]
[BlackElo "1728"]
[Annotator "NA"]
[PlyCount "73"]
[EventDate "2020.08.06"]
[EventType "swiss"]
[EventCountry "POL"]
[SourceTitle "playchess.com"]
[Source "ChessBase"]
[SourceQuality "1"]
[TimeControl "40/5400+30:1800+30"]

1. d4 Nf6 2. Nf3 g6 3. g3 Bg7 4. Bg2 O-O 5. O-O d6 6. c4 Nc6 7. Nc3 Rb8 8. h3 $14 e5 9. dxe5 Nxe5 10. Nxe5 dxe5 11. e4 Be6 12. b3 c6 13. Be3 Qc7 14. Qc2 Rbd8 15. Rad1 b6 16. Kh2 h5 17. Ne2 h4 18. gxh4 Nh5 19. Bf3 Nf4 20. Bxf4 exf4 21. h5 g5 22. Rxd8 Rxd8 23. Rd1 Rf8 24. Nd4 Bxd4 25. Rxd4 Qc8 26. Bg2 f3 27. Bxf3 Bxh3 28. Qd2 f6 29. e5 c5 30. Rd6 Bf1 31. exf6 Qh3+ 32. Kg1 Kh7 33. Rd7+ Kh6 34. Rg7 Qf5 35. Rg6+ Kh7 36. Kxf1 Qxf3 37. Qd7+ 1-0

[Event "4th Memorial Warakomska-B 2020"]
[Site "Suwalki"]
[Date "2020.08.12"]
[Round "8.9"]
[White "Wasik, Jozef"]
[Black "Milewski, Karol"]
[Result "0-1"]
[ECO "A16"]
[WhiteElo "1646"]
[BlackElo "1795"]
[Annotator "NA"]
[PlyCount "67"]
[EventDate "2020.08.06"]
[EventType "swiss"]
[EventCountry "POL"]
[SourceTitle "playchess.com"]
[Source "ChessBase"]
[SourceQuality "1"]
[TimeControl "40/5400+30:1800+30"]

1. c4 Nf6 2. Nc3 g6 3. Nf3 Bg7 4. g3 O-O 5. Bg2 d6 6. O-O Nc6 7. d3 e5 8. Rb1 h6 9. b4 Ne8 10. b5 Ne7 11. Nd5 f5 12. a4 Nxd5 13. cxd5 g5 14. Bb2 Nf6 15. Nd2 Bd7 16. Qc2 Rc8 17. Ba3 Qe8 18. Rfe1 Qh5 19. a5 f4 20. Qb3 Ng4 21. Nf3 fxg3 22. hxg3 Rf7 23. b6 axb6 24. axb6 Rcf8 25. bxc7 Rxf3 26. exf3 Rxf3 27. Re2 Qh2+ 28. Kf1 Qxg3 29. Bxf3 Nh2+ 30. Ke1 Qg1+ 31. Kd2 Nxf3+ 32. Ke3 Qg4 33. Qb4 Nd4 34. Qxd4 0-1

[Event "4th Memorial Warakomska-B 2020"]
[Site "Suwalki"]
[Date "2020.08.12"]
[Round "8.10"]
[White "Stefaniuk, Zbigniew"]
[Black "Borowik, Wojciech"]
[Result "0-1"]
[ECO "B20"]
[WhiteElo "1538"]
[BlackElo "1769"]
[Annotator "NA"]
[PlyCount "206"]
[EventDate "2020.08.06"]
[EventType "swiss"]
[EventCountry "POL"]
[SourceTitle "playchess.com"]
[Source "ChessBase"]
[SourceQuality "1"]
[TimeControl "40/5400+30:1800+30"]

1. e4 c5 2. Ne2 d6 3. g3 Nc6 4. Bg2 g6 5. c3 Bg7 6. d4 cxd4 7. cxd4 Bg4 8. f3 Bd7 9. Nbc3 Nf6 10. O-O O-O 11. Be3 a6 12. a3 b5 13. b4 e5 14. dxe5 dxe5 15. Qd2 Be6 16. Rfd1 Qc8 17. Rac1 Bc4 18. Nd5 Rd8 19. Bb6 Rxd5 20. exd5 Nxd5 21. Rxc4 Nxb6 22. Rcc1 Qe8 23. Bh3 f5 24. Qa2+ Kh8 25. Bf1 e4 26. f4 Nc4 27. Rxc4 bxc4 28. Qxc4 Rc8 29. Qxa6 Ra8 30. Qb5 Qe6 31. Qd5 Qxd5 32. Rxd5 Rxa3 33. b5 Ra5 34. Rc5 Bd4+ 35. Nxd4 Nxd4 36. Rc8+ Kg7 37. Rc7+ Kf6 38. Rxh7 Nxb5 39. Bxb5 Rxb5 40. Kf2 Rb3 41. Ke2 Ke6 42. Kf2 Rb2+ 43. Ke3 Rb3+ 44. Kf2 Ra3 45. Ke2 Kf6 46. Kf2 Ke6 47. Ke2 Ra6 48. Ke3 Ra2 49. Rg7 Kf6 50. Rh7 Rg2 51. Rh8 Kg7 52. Rh4 Ra2 53. Rh3 g5 54. fxg5 Kg6 55. Rh8 Kxg5 56. Rg8+ Kf6 57. Rf8+ Kg6 58. g4 Ra3+ 59. Ke2 fxg4 60. Rf4 Kg5 61. Rxe4 Ra2+ 62. Kf1 Rxh2 63. Re8 Ra2 64. Kg1 Kf4 65. Kf1 Kf3 66. Rf8+ Kg3 67. Rg8 Ra4 68. Rg7 Rf4+ 69. Kg1 Rc4 70. Kf1 Kf3 71. Rf7+ Kg3 72. Rg7 Rf4+ 73. Kg1 Kf3 74. Rg8 Rf7 75. Rg6 Kg3 76. Rg8 Rb7 77. Kf1 Rb1+ 78. Ke2 Rh1 79. Rg7 Rh4 80. Kf1 Kh2 81. Kf2 Kh3 82. Rg6 Rh8 83. Rg7 Rf8+ 84. Kg1 Rc8 85. Kf2 Rc2+ 86. Kg1 Kg3 87. Kf1 Rc5 88. Rg6 Rf5+ 89. Kg1 Kf3 90. Rg7 Ra5 91. Rf7+ Kg3 92. Kf1 Ra1+ 93. Ke2 Kg2 94. Rg7 g3 95. Ke3 Re1+ 96. Kf4 Rf1+ 97. Kg4 Rb1 98. Kf4 Kf2 99. Ke4 Rb4+ 100. Kd3 g2 101. Rf7+ Kg3 102. Ke2 g1=Q 103. Rg7+ Rg4 0-1

[Event "4th Memorial Warakomska-B 2020"]
[Site "Suwalki"]
[Date "2020.08.12"]
[Round "8.11"]
[White "Kotarski, Bartosz"]
[Black "Kasperczyk, Szymon"]
[Result "1-0"]
[ECO "B33"]
[WhiteElo "1742"]
[BlackElo "1711"]
[Annotator "NA"]
[PlyCount "85"]
[EventDate "2020.08.06"]
[EventType "swiss"]
[EventCountry "POL"]
[SourceTitle "playchess.com"]
[Source "ChessBase"]
[SourceQuality "1"]
[TimeControl "40/5400+30:1800+30"]

1. e4 c5 2. Nf3 Nc6 3. d4 cxd4 4. Nxd4 Nf6 5. Nc3 a6 6. Bc4 e6 7. Nxc6 bxc6 8. e5 Nd5 9. Ne4 d6 10. exd6 Bxd6 11. O-O Bxh2+ 12. Kxh2 Qh4+ 13. Kg1 Qxe4 14. Bd3 Qh4 15. g3 Qf6 16. c4 Ne7 17. Kg2 c5 18. Be4 Ra7 19. Bf4 Qd4 20. Qxd4 cxd4 21. Be5 f5 22. Bf3 Ng6 23. Bxd4 Rc7 24. Rac1 Bb7 25. b4 Bxf3+ 26. Kxf3 e5 27. Rfe1 Re7 28. Bc5 Re6 29. b5 e4+ 30. Ke3 Ne5 31. b6 Nd3 32. b7 Kd7 33. Ba7 Ree8 34. Red1 Kc7 35. Rb1 Rb8 36. Bxb8+ Rxb8 37. Rh1 Ne5 38. Rxh7 Nxc4+ 39. Ke2 Nd6 40. Rxg7+ Kc6 41. Rg6 Kc5 42. Ke3 Nb5 43. Rxa6 1-0

[Event "4th Memorial Warakomska-B 2020"]
[Site "Suwalki"]
[Date "2020.08.12"]
[Round "8.12"]
[White "Borowik, Karol"]
[Black "Milanowski, Jan"]
[Result "1/2-1/2"]
[ECO "D02"]
[WhiteElo "1426"]
[BlackElo "1787"]
[Annotator "NA"]
[PlyCount "115"]
[EventDate "2020.08.06"]
[EventType "swiss"]
[EventCountry "POL"]
[SourceTitle "playchess.com"]
[Source "ChessBase"]
[SourceQuality "1"]
[TimeControl "40/5400+30:1800+30"]

1. d4 d5 2. Nf3 Nf6 3. c3 Bf5 4. Bf4 e6 5. e3 Nbd7 6. Bd3 Ne4 7. Qc2 Nd6 8. Nbd2 Bxd3 9. Qxd3 Be7 10. e4 dxe4 11. Nxe4 Nxe4 12. Qxe4 c6 13. O-O O-O 14. Rfd1 Nf6 15. Qe2 Qa5 16. Ne5 Rfd8 17. a4 Qd5 18. Bg5 Re8 19. Bxf6 Bxf6 20. Ng4 Be7 21. Ne5 Rad8 22. b4 f6 23. Nf3 Bd6 24. c4 Qh5 25. c5 Bc7 26. Qc4 g5 27. h3 g4 28. hxg4 Qxg4 29. Nh2 Bxh2+ 30. Kxh2 Rd5 31. Rd3 Qf4+ 32. Kg1 Kf7 33. Qc1 Rxd4 34. Qxf4 Rxf4 35. b5 Rc4 36. Rh3 Kg7 37. Rg3+ Kf8 38. Rh3 Re7 39. Rd1 Ke8 40. bxc6 bxc6 41. Rb1 Rxc5 42. Rb8+ Kd7 43. Rb7+ Kd6 44. Rxe7 Kxe7 45. Rxh7+ Kd6 46. Rxa7 Rc2 47. a5 Ra2 48. a6 e5 49. Ra8 Kc7 50. a7 Kb7 51. Rf8 Kxa7 52. Rxf6 Kb6 53. Re6 Ra5 54. g4 Kc7 55. g5 Kd7 56. Rf6 e4 57. g6 Ke7 58. Rxc6 1/2-1/2

[Event "4th Memorial Warakomska-B 2020"]
[Site "Suwalki"]
[Date "2020.08.12"]
[Round "8.13"]
[White "Palejko, Maria"]
[Black "Siekanska, Zuzanna"]
[Result "0-1"]
[ECO "B83"]
[WhiteElo "1218"]
[BlackElo "1680"]
[Annotator "NA"]
[PlyCount "160"]
[EventDate "2020.08.06"]
[EventType "swiss"]
[EventCountry "POL"]
[SourceTitle "playchess.com"]
[Source "ChessBase"]
[SourceQuality "1"]
[TimeControl "40/5400+30:1800+30"]

1. e4 c5 2. Nf3 e6 3. d4 cxd4 4. Nxd4 Nf6 5. Nc3 d6 6. Be2 Be7 7. O-O O-O 8. Be3 Nc6 9. Kh1 a6 10. f4 e5 11. fxe5 dxe5 12. Nxc6 bxc6 13. Bf3 Rb8 14. b3 Qa5 15. Ne2 Rd8 16. Qe1 Qxe1 17. Raxe1 Bg4 18. Ng3 a5 19. Bg5 Bxf3 20. Rxf3 Rd7 21. Nf5 Bd8 22. c4 Nxe4 23. Bxd8 Rbxd8 24. h4 Nd2 25. Rg3 f6 26. c5 a4 27. Nd6 axb3 28. axb3 Rb8 29. Rd3 Rxb3 30. Rxd2 Rc3 31. Ra2 h6 32. Ne4 Rc4 33. g3 Rdd4 34. Nd2 Rc3 35. Kh2 Rcd3 36. Ne4 Rc4 37. Ra8+ Kh7 38. Ra7 Kg6 39. Rc7 Rdd4 40. Nd6 Rxc5 41. Ne8 Rc2+ 42. Kh3 Rdd2 43. Rxg7+ Kf5 44. Rf1+ Rf2 45. Rxf2+ Rxf2 46. Rc7 e4 47. Rxc6 e3 48. g4+ Ke4 49. Nxf6+ Ke5 50. Nd7+ Kd5 51. Rc1 e2 52. Re1 Ke4 53. Nc5+ Ke3 54. Ra1 Rf1 55. Ra3+ Kd4 56. Ne6+ Kd5 57. Nc7+ Kc6 58. Rc3+ Kd7 59. Re3 Rf3+ 60. Rxf3 e1=Q 61. Rf7+ Kd6 62. Nb5+ Kc5 63. Rf5+ Kc4 64. Nd6+ Kd4 65. Nb5+ Kd3 66. Rf3+ Ke4 67. Rc3 Qf1+ 68. Kg3 Qxb5 69. Rf3 Qe5+ 70. Kg2 Qe6 71. Rf5 h5 72. Rg5 hxg4 73. h5 Kf4 74. Rg6 Qd5+ 75. Kh2 Qxh5+ 76. Kg1 Qxg6 77. Kf1 Ke3 78. Kg2 Qh5 79. Kg1 g3 80. Kf1 Qh1# 0-1

[Event "4th Memorial Warakomska-B 2020"]
[Site "Suwalki"]
[Date "2020.08.12"]
[Round "8.14"]
[White "Gladyszewska, Kinga"]
[Black "Pieczulis, Blazej"]
[Result "0-1"]
[ECO "D60"]
[WhiteElo "1312"]
[BlackElo "1608"]
[Annotator "NA"]
[PlyCount "158"]
[EventDate "2020.08.06"]
[EventType "swiss"]
[EventCountry "POL"]
[SourceTitle "playchess.com"]
[Source "ChessBase"]
[SourceQuality "1"]
[TimeControl "40/5400+30:1800+30"]

1. d4 Nf6 2. c4 e6 3. Nf3 d5 4. Bg5 Be7 5. e3 O-O 6. Nc3 Nbd7 7. Bd3 dxc4 8. Bxc4 b6 9. O-O Bb7 10. Re1 Ne4 11. Nxe4 Bxe4 12. Bf4 c5 13. Nd2 Bb7 14. Nb3 Rc8 15. dxc5 Nxc5 16. Qe2 Bd5 17. Nxc5 Rxc5 18. Bxd5 Rxd5 19. Red1 Bf6 20. e4 Rxd1+ 21. Rxd1 Qc8 22. Rc1 Qd7 23. Rd1 Qa4 24. b3 Qa5 25. Bd6 Rc8 26. e5 Bd8 27. Qb2 Qb5 28. a4 Qc6 29. Qd2 h6 30. h3 Bg5 31. Qd3 Qc3 32. Qxc3 Rxc3 33. Rb1 Kh7 34. Bb8 a6 35. Ba7 b5 36. axb5 axb5 37. Bb8 Kg6 38. Bd6 Kf5 39. g3 h5 40. b4 Rc1+ 41. Rxc1 Bxc1 42. f3 Bb2 43. Kf2 Bxe5 44. Bc5 Bc3 45. Ke3 Ke5 46. Bf8 Kd5 47. Kd3 Be1 48. g4 g6 49. Bc5 Ke5 50. Ke3 Bg3 51. Bd4+ Kd5 52. Kd3 Bd6 53. Bc3 e5 54. g5 Be7 55. h4 f6 56. gxf6 Bxf6 57. Be1 Be7 58. Ke3 Kc4 59. Ke4 Bxb4 60. Bf2 Bd6 61. Be1 b4 62. Bxb4 Kxb4 63. Kd5 Be7 64. Kxe5 Bxh4 65. Ke4 Bg3 66. Ke3 Kc4 67. Ke2 Kd4 68. Kf1 Ke3 69. Kg2 Be5 70. Kh3 Kxf3 71. Kh4 Bf6+ 72. Kh3 g5 73. Kh2 g4 74. Kg1 g3 75. Kh1 g2+ 76. Kh2 Be5+ 77. Kg1 Bd4+ 78. Kh2 g1=Q+ 79. Kh3 Qg3# 0-1

[Event "4th Memorial Warakomska-B 2020"]
[Site "Suwalki"]
[Date "2020.08.13"]
[Round "9.2"]
[White "Sapeta, Robert"]
[Black "Wierzbicki, Michal"]
[Result "0-1"]
[ECO "C13"]
[WhiteElo "1895"]
[BlackElo "1849"]
[Annotator "NA RC"]
[PlyCount "142"]
[EventDate "2020.08.06"]
[EventType "swiss"]
[EventCountry "POL"]
[SourceTitle "playchess.com"]
[Source "ChessBase"]
[SourceQuality "1"]
[TimeControl "40/5400+30:1800+30"]

1. d4 Nf6 2. Nc3 e6 3. e4 d5 4. Bg5 Be7 5. e5 Nfd7 6. h4 h6 7. Bxe7 Qxe7 8. Qg4 Kf8 {[%emt 0:02:40] C14: French: Classical System: 4 Bg5 Be7 main line.} 9. O-O-O a6 10. f4 {[%emt 0:08:11] [#]} h5 $146 ({Predecessor:} 10... c5 11. dxc5 Nc6 12. Rh3 Nxc5 13. Rg3 Rg8 14. Bd3 Nxd3+ 15. Rgxd3 b5 16. Nf3 b4 {1-0 (35) Kerek,K (2300)-Havasi,J (2229) Hungary 2011}) 11. Qg3 g6 12. Nf3 c5 13. dxc5 Nc6 14. Bd3 (14. Na4 $14) 14... Nxc5 15. Qg5 b5 16. Qxe7+ Kxe7 17. Ne2 Bb7 18. Ned4 Rac8 19. Nxc6+ Bxc6 20. Nd4 b4 21. b3 Rc7 22. Kd2 Rhc8 23. a3 bxa3 24. Ra1 {[%emt 0:00:03] [#]} Bb5 $1 25. Rxa3 Nxd3 26. cxd3 Rc3 27. Rh3 $1 Rc1 28. Nxb5 (28. Ra5 $15) 28... axb5 29. Ra7+ Ke8 30. Ke3 R1c3 (30... R8c2 $17 31. f5 exf5) 31. g4 (31. Rh1 $1 $11 {keeps the balance.}) 31... hxg4 32. Rh1 R8c7 ({Of course not} 32... Rxb3 $6 33. h5 $11) ({Black should play} 32... Rc1 $17 33. Ra1 Rxa1 34. Rxa1 Rc3) 33. Rxc7 Rxc7 34. Kd4 b4 35. Rg1 Rc3 36. Rxg4 Rxb3 37. h5 gxh5 38. Rg8+ Ke7 39. Rh8 Rb2 40. f5 exf5 41. Rxh5 Rf2 $2 (41... f4 $19 42. Kxd5 f3) 42. Kxd5 $2 (42. Rh6 $17) 42... b3 43. Rh8 b2 44. Rb8 Re2 45. Rb7+ Kf8 46. d4 f4 47. Kc4 f3 48. Kd3 Rc2 {[%emt 0:01:03] Promotion} 49. Kxc2 f2 50. Rxb2 f1=Q 51. Kc3 Qf3+ 52. Kc4 Qc6+ 53. Kd3 Ke7 54. Rf2 Qb5+ 55. Ke3 Qb3+ 56. Ke4 Qb7+ 57. Ke3 Ke6 58. Rf6+ Kd5 59. Rd6+ Kc4 60. Kf4 Kd3 61. Kf5 Qf3+ 62. Kg5 Ke4 63. Kh6 f5 64. Kg6 Qg3+ 65. Kf7 Qh2 66. Rg6 f4 67. e6 Qh7+ 68. Kf6 Qh8+ 69. Kf7 Kf5 70. Rg7 {[%emt 0:02:19] [#]} Qxg7+ {[%emt 0:00:17] Promotion} 71. Kxg7 Kxe6 0-1

[Event "4th Memorial Warakomska-B 2020"]
[Site "Suwalki"]
[Date "2020.08.13"]
[Round "9.4"]
[White "Milewski, Karol"]
[Black "Widelski, Kacper"]
[Result "0-1"]
[ECO "B33"]
[WhiteElo "1795"]
[BlackElo "1879"]
[Annotator "NA RC"]
[PlyCount "106"]
[EventDate "2020.08.06"]
[EventType "swiss"]
[EventCountry "POL"]
[SourceTitle "playchess.com"]
[Source "ChessBase"]
[SourceQuality "1"]
[TimeControl "40/5400+30:1800+30"]

1. e4 c5 2. Nf3 Nc6 3. d4 cxd4 4. Nxd4 Nf6 5. Nc3 e5 6. Ndb5 d6 7. Bg5 a6 8. Na3 b5 9. Nd5 Be7 10. Bxf6 Bxf6 11. c3 O-O 12. Be2 Bg5 13. O-O Be6 {[%emt 0:05:04] is the new trend.} 14. Nc2 Ne7 {[%emt 0:07:15] B33: Sicilian: Pelikan and Sveshnikov Variations.} 15. Ncb4 a5 16. Nxe7+ $1 Qxe7 17. Nd5 Qb7 18. Qd3 Rab8 {[%emt 0:06:15] [#]} 19. g3 $146 (19. Rad1 $11) ({Predecessor:} 19. Rfd1 Rfc8 20. Qg3 h6 21. h4 Bd8 22. Bg4 Rc5 23. Ne3 Qxe4 24. Rxd6 Bxg4 25. Nxg4 {1-0 (71) Navara,D (2722)-Moiseenko,A (2715) Khanty-Mansiysk 2011}) 19... Bd8 (19... f5 $15 20. f3 b4) 20. Rad1 g6 21. Bf3 Kh8 22. Bg2 Qa7 23. Kh1 f5 24. f4 Qc5 25. Rd2 Rb7 26. Re1 (26. exf5 $14 Bxf5 27. Qe2) 26... Rbf7 27. b4 axb4 28. cxb4 Qc6 29. Nc3 Bd7 $2 (29... Bc4 $11 30. exf5 (30. Qxd6 Qxd6 31. Rxd6 exf4 $15) 30... Qb6 31. Qxd6 Qxd6 32. Rxd6 Be7 33. fxg6 Bxd6 34. gxf7 Bxb4) 30. exf5 Qc8 31. fxg6 hxg6 32. Ne4 ({But not} 32. Nxb5 $6 Bxb5 33. Qxb5 exf4 $18) 32... Bf5 33. Qxd6 Bc7 34. Qd3 exf4 35. Qc3+ Kg8 36. Ng5 Rg7 37. Bd5+ Kh8 38. Re7 Rfg8 39. Qd4 Bd8 40. Rxg7 Rxg7 41. Nf7+ ({Don't take} 41. gxf4 $6 Bf6) 41... Kh7 42. Qxf4 g5 $2 {[%emt 0:01:27] [#]} (42... Rxf7 43. Bxf7 Kg7) 43. Qf3 $1 Bg6 44. Be4 $4 (44. g4 $18 Bxf7 45. Bxf7) 44... Qc1+ {[%emt 0:02:13] Double Attack} 45. Rd1 {[%emt 0:01:26] [#]} Qxd1+ $3 46. Qxd1 Bxe4+ 47. Kg1 Bb6+ 48. Kf1 Rxf7+ 49. Ke1 Bf2+ 50. Kf1 Bd4+ 51. Ke1 Bc3+ {[%emt 0:00:07] Double Attack} 52. Ke2 Bf3+ {[%emt 0:00:09] Skewer} 53. Ke3 Bxd1 0-1

[Event "4th Memorial Warakomska-B 2020"]
[Site "Suwalki"]
[Date "2020.08.13"]
[Round "9.5"]
[White "Cwiek, Ryszard"]
[Black "Wolagiewicz, Kinga"]
[Result "1/2-1/2"]
[ECO "B13"]
[WhiteElo "1867"]
[BlackElo "1719"]
[Annotator "NA RC"]
[PlyCount "88"]
[EventDate "2020.08.06"]
[EventType "swiss"]
[EventCountry "POL"]
[SourceTitle "playchess.com"]
[Source "ChessBase"]
[SourceQuality "1"]
[TimeControl "40/5400+30:1800+30"]

1. e4 c6 2. d4 d5 3. exd5 cxd5 4. Bd3 Nc6 5. c3 Nf6 6. Bf4 Bg4 7. Qb3 Qc8 8. Nd2 e6 9. Ngf3 Be7 10. O-O O-O 11. Rfe1 a6 12. Ne5 {[%emt 0:08:06] B13: Caro-Kann: Exchange Variation and Panov-Botvinnik Attack.} Bh5 13. a4 Nxe5 14. Bxe5 Nd7 15. Bg3 {[%emt 0:01:56] [#]} Qc6 $146 ({Predecessor:} 15... Re8 16. h3 Nf8 17. c4 Bg5 18. Nf1 dxc4 19. Bxc4 Nd7 20. Ne3 Ra7 21. Rac1 Qd8 {0-1 (87) Tang,A (2538)-Holt,C (2549) chess.com INT 2020}) 16. Rac1 Bg6 17. Bxg6 hxg6 18. c4 Nf6 (18... Bg5 $5 19. cxd5 Qxd5 20. Qxd5 exd5 $11) 19. c5 Rac8 20. Qa2 ({White should try} 20. Nf3 $16) 20... a5 21. Qb3 Qa6 (21... Nd7 $11) 22. Qb5 Rc6 23. Rc3 Nh5 24. Rb3 Nxg3 25. hxg3 Rb8 26. Nf3 ({White should try} 26. f4) 26... Bf6 27. Qxa6 Rxa6 28. Rb5 Ra7 29. Re3 Rc8 30. Reb3 Rc7 31. Kf1 Kf8 32. Re3 Rc6 33. Ke2 Ke8 34. Kd2 Kd7 35. Reb3 Rc7 36. Rb6 Kc8 37. Re3 Kd7 38. Reb3 Kc8 $1 39. Re3 (39. Ke3 $16) 39... Kd7 $1 40. Kd3 (40. g4 $16) 40... Rc6 {[%emt 0:00:00] [#]} 41. Rxc6 ({White should try} 41. Rb5 $1 $16) 41... Kxc6 42. Kd2 b6 43. cxb6 Kxb6 44. Rb3+ Kc6 $11 1/2-1/2

[Event "4th Memorial Warakomska-B 2020"]
[Site "Suwalki"]
[Date "2020.08.13"]
[Round "9.6"]
[White "Sapinski, Sebastian"]
[Black "Czech, Mieczyslaw"]
[Result "1-0"]
[ECO "B92"]
[WhiteElo "1603"]
[BlackElo "1863"]
[Annotator "NA RC"]
[PlyCount "155"]
[EventDate "2020.08.06"]
[EventType "swiss"]
[EventCountry "POL"]
[SourceTitle "playchess.com"]
[Source "ChessBase"]
[SourceQuality "1"]
[TimeControl "40/5400+30:1800+30"]

1. e4 c5 2. Nf3 d6 3. d4 cxd4 4. Nxd4 Nf6 5. Nc3 a6 6. Be2 e5 7. Nb3 Be6 8. Bg5 Nbd7 {[%emt 0:01:11] B92: Sicilian Najdorf: 6 Be2.} 9. Nd5 h6 10. Bxf6 Nxf6 11. Nxf6+ Qxf6 {[%emt 0:01:39] [#]} 12. c4 $146 ({Predecessor:} 12. O-O Rc8 13. Re1 Be7 14. Na5 Rc7 15. b3 Rd7 16. Nc4 Bd8 17. a4 O-O 18. Bd3 {0-1 (43) Hossain,E (2496)-Adly,A (2607) Kolkata 2012}) 12... Rc8 13. Nd2 Be7 14. Qa4+ Bd7 15. Qb3 Bc6 16. O-O O-O 17. Rad1 Qg6 18. f3 Kh8 19. Bd3 Bg5 20. Rfe1 Rce8 21. Nf1 Qe6 22. Qb4 Be7 23. Qb6 Bd8 24. Qb4 Be7 25. Qa5 Bd8 26. Qa3 Be7 27. b4 Qd7 28. Ne3 g6 29. Rb1 b5 30. cxb5 ({Not} 30. Qxa6 $2 Ra8 $19) 30... axb5 31. Qb3 Qb7 32. Nd5 Bxd5 33. Qxd5 Qxd5 34. exd5 Rb8 35. Rec1 Rb7 36. Rc6 Rd8 37. Rbc1 Rdd7 38. Ra6 Rd8 39. Rcc6 Rdb8 40. Kf2 Kg7 41. Ra5 Bd8 42. Ra3 Be7 43. Rca6 Kf6 44. Ra8 Bd8 45. Ke2 Ke7 46. Rxb8 Rxb8 47. Ra7+ Ke8 48. Kd2 Kf8 49. Rd7 Be7 50. Kc2 Ke8 51. Ra7 Bd8 $1 52. Kb3 Kf8 53. Rd7 Be7 $1 54. Ra7 Bd8 $1 55. a4 bxa4+ 56. Kxa4 Bg5 57. Ba6 Bd2 58. Rb7 Ra8 59. b5 f5 (59... Ke8 $1 $11) 60. Rd7 e4 61. fxe4 fxe4 62. Rxd6 e3 63. Re6 Kf7 64. Kb3 Ra7 $2 (64... Re8 $16 65. b6 Rxe6 66. dxe6+ Kxe6) 65. b6 Ra8 66. b7 Rb8 67. Kc2 (67. Kc4 $142) 67... Bb4 68. Rxe3 Bd6 69. Re6 Bxh2 70. Kd3 Re8 71. Rc6 Re1 (71... Rd8 $142 72. Kc4 Bb8) 72. Kd4 (72. d6 $142 Rb1 73. Kc2 Rxb7 74. Bxb7) 72... Be5+ 73. Kc5 Rb1 74. d6 Bf4 75. Rc8 Be3+ 76. Kc6 Rb6+ 77. Kd7 Bf4 78. b8=Q 1-0

[Event "4th Memorial Warakomska-B 2020"]
[Site "Suwalki"]
[Date "2020.08.13"]
[Round "9.7"]
[White "Borowik, Wojciech"]
[Black "Zalega, Maciej"]
[Result "0-1"]
[ECO "E91"]
[WhiteElo "1769"]
[BlackElo "1743"]
[Annotator "NA RC"]
[PlyCount "124"]
[EventDate "2020.08.06"]
[EventType "swiss"]
[EventCountry "POL"]
[SourceTitle "playchess.com"]
[Source "ChessBase"]
[SourceQuality "1"]
[TimeControl "40/5400+30:1800+30"]

1. d4 Nf6 2. Nf3 g6 3. c4 Bg7 4. Nc3 d6 5. e4 O-O 6. Be2 Nbd7 7. O-O e5 8. dxe5 Nxe5 9. Nxe5 dxe5 10. Qc2 c6 11. Rb1 Be6 12. b4 Qc7 13. a4 Rfd8 14. h3 Nd7 15. Be3 Nb6 16. c5 Nc4 17. Bxc4 Bxc4 18. Rfd1 Bf6 19. Ne2 Be6 20. Rxd8+ Rxd8 21. Rd1 Be7 22. Rxd8+ Qxd8 23. f3 f5 24. exf5 gxf5 25. Nc3 Bh4 26. g3 Bxg3 27. Qg2 Qh4 28. Bf2 f4 29. Ne4 Bxh3 30. Bxg3 fxg3 31. Qxg3+ Qxg3+ 32. Nxg3 Be6 33. Kf2 Bb3 34. a5 Bc2 35. Ke3 Kf7 36. Ne2 Ke6 37. Nc3 h5 38. Kf2 h4 39. Kg2 Kf5 40. b5 cxb5 41. Nxb5 Kf4 42. Nxa7 Ba4 43. a6 bxa6 44. c6 a5 45. c7 Bd7 46. c8=Q h3+ 47. Kf2 Bxc8 48. Nxc8 h2 49. Kg2 h1=Q+ 50. Kxh1 a4 51. Nb6 a3 52. Nd5+ Kxf3 53. Nb4 Kf2 54. Nd3+ Kf1 55. Nc5 a2 56. Nb3 e4 57. Nd2+ Kf2 58. Nxe4+ Ke3 59. Ng3 a1=Q+ 60. Kg2 Qg7 61. Kf1 Kf3 62. Ne2 Qa1+ 0-1

[Event "4th Memorial Warakomska-B 2020"]
[Site "Suwalki"]
[Date "2020.08.13"]
[Round "9.8"]
[White "Pieczulis, Blazej"]
[Black "Kotarski, Bartosz"]
[Result "0-1"]
[ECO "A44"]
[WhiteElo "1608"]
[BlackElo "1742"]
[Annotator "NA RC"]
[PlyCount "116"]
[EventDate "2020.08.06"]
[EventType "swiss"]
[EventCountry "POL"]
[SourceTitle "playchess.com"]
[Source "ChessBase"]
[SourceQuality "1"]
[TimeControl "40/5400+30:1800+30"]

1. d4 c5 2. d5 e5 3. c4 d6 4. Nc3 Nf6 5. e4 Be7 6. g3 O-O 7. Bg2 Ne8 8. Nge2 g6 9. O-O f5 10. f4 exf4 11. Nxf4 Bf6 12. Qe2 Ng7 13. Nd3 Re8 14. Bf4 g5 15. Bd2 Nd7 16. Rae1 Bd4+ 17. Kh1 Qf6 18. Qd1 Nb6 19. Qb3 Qg6 20. Nf2 Bd7 21. Nb5 Bxb5 22. Qxb5 Rf8 23. exf5 Nxf5 24. Be4 Qg7 25. Nh3 Qg6 26. Nxg5 Nxg3+ 27. hxg3 Rxf1+ 28. Rxf1 Qh5+ 29. Kg2 Qe2+ 30. Kh3 Qxf1+ 31. Kh4 Qxc4 32. Bxh7+ Kg7 33. Qxc4 Nxc4 34. Bf4 Rh8 35. b3 Ne5 36. g4 Rxh7+ 37. Nxh7 Kxh7 38. Kg5 Kg7 39. Kf5 Kf7 40. g5 Ke7 41. g6 c4 42. Bg5+ Kf8 43. bxc4 Nxc4 44. Ke6 Kg7 45. Be7 Bc5 46. Kd7 Kxg6 47. Kc7 b6 48. Kb7 a5 49. Kc6 Kf5 50. Bd8 Ke5 51. Bc7 Ne3 52. Bxb6 Bxb6 53. Kxb6 Nc4+ 54. Kc6 Kd4 55. Kb5 Kxd5 56. a4 Kd4 57. Kc6 d5 58. Kb5 Ke5 0-1

[Event "4th Memorial Warakomska-B 2020"]
[Site "Suwalki"]
[Date "2020.08.13"]
[Round "9.9"]
[White "Siekanska, Zuzanna"]
[Black "Racis, Michal"]
[Result "0-1"]
[ECO "D35"]
[WhiteElo "1680"]
[BlackElo "1453"]
[Annotator "NA RC"]
[PlyCount "94"]
[EventDate "2020.08.06"]
[EventType "swiss"]
[EventCountry "POL"]
[SourceTitle "playchess.com"]
[Source "ChessBase"]
[SourceQuality "1"]
[TimeControl "40/5400+30:1800+30"]

1. d4 d5 2. c4 e6 3. Nc3 Nf6 4. cxd5 exd5 5. Bg5 Be7 6. e3 O-O 7. Bd3 b6 8. Bxf6 Bxf6 9. Qh5 g6 10. Qxd5 c6 11. Qf3 Qe7 12. Nge2 Bb7 13. O-O Re8 14. Be4 Bg7 15. Rfd1 f5 16. Bc2 Nd7 17. Nf4 Rad8 18. Bb3+ Kh8 19. Nxg6+ hxg6 20. Qh3+ Bh6 21. Qxh6+ Qh7 22. Qg5 Qg7 23. d5 Nf6 24. Qh4+ Nh7 25. dxc6 Rxd1+ 26. Rxd1 Bxc6 27. Qc4 Qf6 28. Qd4 Kg7 29. Nd5 Qe5 30. Nb4 Bb5 31. a4 Be2 32. Qxe5+ Rxe5 33. Rd7+ Kh6 34. Rxa7 Rc5 35. h4 Nf6 36. Na2 Ne4 37. Rd7 b5 38. a5 b4 39. Rd5 Rc8 40. Nxb4 Rc1+ 41. Kh2 Nxf2 42. Rd2 Rh1+ 43. Kg3 Ne4+ 44. Kf4 Rxh4+ 45. Ke5 Nxd2 46. a6 Bxa6 47. Nxa6 Nxb3 0-1

[Event "4th Memorial Warakomska-B 2020"]
[Site "Suwalki"]
[Date "2020.08.13"]
[Round "9.11"]
[White "Milanowski, Jan"]
[Black "Wydornik, Robert"]
[Result "1-0"]
[ECO "D02"]
[WhiteElo "1787"]
[BlackElo "1361"]
[Annotator "NA RC"]
[PlyCount "81"]
[EventDate "2020.08.06"]
[EventType "swiss"]
[EventCountry "POL"]
[SourceTitle "playchess.com"]
[Source "ChessBase"]
[SourceQuality "1"]
[TimeControl "40/5400+30:1800+30"]

1. d4 d5 2. Nf3 Nf6 3. Bf4 Bf5 4. e3 e6 5. Nbd2 Be7 6. Be2 O-O 7. Nh4 Bg6 8. Nxg6 hxg6 9. h4 Bd6 10. h5 Bxf4 11. exf4 gxh5 12. Bxh5 g6 13. Bf3 Kg7 14. Qe2 Nbd7 15. g4 Rh8 16. Rxh8 Qxh8 17. O-O-O c5 18. g5 Nh5 19. Qb5 Qc8 20. Bxh5 gxh5 21. dxc5 Nxc5 22. Qe2 Qc7 23. Rh1 Rh8 24. Rh4 a5 25. Kb1 a4 26. a3 Qd6 27. Nf3 Nd7 28. Nd4 Qc5 29. f5 e5 30. f6+ Kg6 31. f4 e4 32. Qe3 Qc4 33. f5+ Kh7 34. Rxh5+ Kg8 35. Rxh8+ Kxh8 36. Qh3+ Kg8 37. Qh6 Qf1+ 38. Ka2 Qc4+ 39. b3 axb3+ 40. cxb3 Nxf6 41. gxf6 1-0